 Dungeon Crawl Stone Soup version 0.23-a0-32-g1388f29 (webtiles) character file.

1557 mopl the Arsonist (level 8, -11/41 HPs)
             Began as a Tengu Fire Elementalist on Aug 4, 2018.
             Was a Believer of Vehumet.
             Shot with a bolt by an orc warrior (27 damage)
             ... in a bailey.
             The game lasted 00:15:26 (6599 turns).

mopl the Arsonist (Tengu Fire Elementalist)         Turns: 6599, Time: 00:15:27

Health: -11/41     AC:  6    Str:  8    XL:     8   Next: 88%
Magic:  8/17       EV: 13    Int: 18    God:    Vehumet [**....]
Gold:   267        SH:  0    Dex: 15    Spells: 1/17 levels left

rFire    + + .     SeeInvis .   y - +2 dagger (venom)
rCold    x . .     Gourm    +   (no shield)
rNeg     . . .     Faith    .   P - +2 robe {rF+}
rPois    .         Spirit   .   (helmet restricted)
rElec    .         Reflect  .   F - +0 cloak
rCorr    .         Harm     .   H - +0 pair of gloves
MR       .....                  (boots unavailable)
Stlth    +.........             I - amulet of the gourmand
HPRegen  0.13/turn              b - ring of fire
MPRegen  0.15/turn              o - ring of attention (curse)

@: very slightly contaminated
A: beak, talons 3, able to fly 1
a: Fly, Renounce Religion


You were in a bailey.
You worshipped Vehumet.
Vehumet was pleased with you.
You were completely stuffed.

You visited 1 branch of the dungeon, and saw 7 of its levels.
You also visited: Bailey.

You collected 352 gold pieces.
You spent 85 gold pieces at shops.

Inventory:

Hand Weapons
 r - a +0 quarterstaff
 y - a +2 dagger of venom (weapon)
 Q - the +5 spear of the Spheres {pierce, rElec, unknown}
   (You found it on level 7 of the Dungeon)

   It inflicts extra damage upon your enemies.
   It insulates you from electricity.
Missiles
 t - 20 poisoned needles
 D - 3 tomahawks of returning (quivered)
Armour
 E - a +0 buckler
 F - a +0 cloak (worn)
 H - a +0 pair of gloves (worn)
 P - a +2 robe of fire resistance (worn)
Jewellery
 a - an uncursed ring of protection from magic
 b - a ring of fire (left hand)
 j - an uncursed ring of ice
 o - a cursed ring of attention (right hand)
 C - a +5 ring of slaying
 I - an amulet of the gourmand (around neck)
 L - an uncursed ring of ice
Wands
 m - a wand of flame (24)
 v - a wand of enslavement (7)
 B - a wand of paralysis (32)
Scrolls
 e - 2 scrolls of blinking {unknown}
 f - 3 scrolls of magic mapping {unknown}
 g - 9 scrolls of amnesia
 l - 4 scrolls of teleportation {unknown}
 n - 4 scrolls of fog
 q - 5 scrolls of remove curse {unknown}
 u - 2 scrolls of immolation {unknown}
 A - a scroll of enchant armour {unknown}
 J - a scroll of noise {unknown}
 M - a scroll of identify
Potions
 h - a potion of agility
 i - a potion of might
 k - 4 potions of haste
 p - a potion of magic
 s - 2 potions of berserk rage {unknown}
 w - a potion of mutation {!q}
 x - 3 potions of brilliance
 z - 2 potions of lignification {!q}
 K - a potion of invisibility
 N - a potion of flight
 O - a potion of curing
 R - a potion of resistance {unknown}
Comestibles
 c - 12 rations
 d - 2 chunks of flesh


   Skills:
 - Level 2.1 Dodging
 - Level 2.0 Stealth
 + Level 5.3 Spellcasting
 + Level 7.2 Conjurations
 * Level 8.9 Fire Magic


You had one spell level left.
You knew the following spells:

 Your Spells              Type           Power        Failure   Level  Hunger
a - Flame Tongue          Conj/Fire      #####        1%          1    None
b - Fireball              Conj/Fire      ######....   13%         5    ######.
c - Conjure Flame         Conj/Fire      ######..     1%          3    ##.....
d - Sticky Flame          Conj/Fire      ######..     4%          4    ####...
h - Inner Flame           Hex/Fire       ####....     6%          3    ##.....

Your spell library contained the following spells:

 Spells                   Type           Power        Failure   Level  Hunger
 Throw Flame              Conj/Fire      ######       1%          2    #......


Dungeon Overview and Level Annotations

Branches:
Dungeon (7/15)             Temple (0/1) D:5

Altars:
Ashenzari
Fedhas
Gozag
Nemelex Xobeh
Okawaru
Ru
Vehumet

Shops:
D:4 (=   D:6 [


Innate Abilities, Weirdness & Mutations

You have a beak for a mouth.
You have claws for feet.
You can fly.


Message History

You see here a bolt.
Okay, then.
As you read the scroll of fog, it crumbles to dust.
The scroll dissolves into smoke.
Okay, then.
Casting: Conjure Flame (safe; 1% risk of failure)
Confirm with . or Enter, or press ? or * to list all spells.
You don't know that spell.
Unknown command.
Unknown command.
Casting: Conjure Flame (safe; 1% risk of failure)
Confirm with . or Enter, or press ? or * to list all spells.
Aiming: Fireball (slightly dangerous; 13% risk of failure)
Press: ? - help, Shift-Dir - straight line, f - orc warrior
Aim: an orc warrior, wielding an arbalest and wearing a ring mail You feel a surge of power!
You miscast Fireball.
You are very lightly contaminated with residual magic.
Sparks fly from your hands!
The orc warrior shoots a bolt.
The bolt hits you!!
Ouch! That really hurt!
You die...

######################
......§@§§..........∩#
..§§§§§§§§.........∩.#
.....§§§§o.......((..#
....§.§.....(........#
.............(.......#
.....................#
≈≈≈≈≈≈≈≈≈≈≈≈≈≈≈()....#
≈≈≈≈≈≈≈≈≈≈#[#≈≈o.....#
≈≈≈≈≈≈≈≈≈##.##≈......#


You could see an orc warrior.

Vanquished Creatures
  Duvessa (D:4)
  3 orc warriors
  An ice beast (D:5)
  A phantom (D:6)
  Blork the orc (D:4)
  A bullfrog (D:6)
  3 scorpions
  A killer bee (D:7)
  A bullfrog zombie (D:5)
  3 crimson imps (D:5)
  2 hounds
  An orc priest (D:5)
  A gnoll shaman (D:5)
  5 orc wizards
  Jessica (D:3)
  Ijyb (D:3)
  2 worker ants
  A worker ant zombie (D:5)
  Robin (D:4)
  3 gnolls (D:5)
  6 adders
  A shadow imp (D:5)
  An ooze (D:2)
  An adder skeleton (D:6)
  A worm (D:4)
  3 leopard geckos
  18 orcs
  4 giant cockroaches
  9 hobgoblins
  3 kobolds
  7 quokkas
  6 bats
  A frilled lizard (D:2)
  20 goblins
  8 rats
123 creatures vanquished.

Vanquished Creatures (others)
  Dowan (D:4)
  A plant (D:3)
2 creatures vanquished.

Grand Total: 125 creatures vanquished

Notes
Turn   | Place    | Note
-------+----------+-------------------------------------------
     0 | D:1      | mopl the Tengu Fire Elementalist began the quest for the Orb.
     0 | D:1      | Reached XP level 1. HP: 10/10 MP: 4/4
   197 | D:1      | Reached XP level 2. HP: 15/15 MP: 0/6
   260 | D:1      | Reached skill level 2 in Conjurations
   806 | D:2      | Reached XP level 3. HP: 19/19 MP: 3/7
   996 | D:2      | Learned a level 3 spell: Conjure Flame
  1057 | D:2      | Reached skill level 4 in Fire Magic
  1058 | D:2      | Reached skill level 3 in Conjurations
  1058 | D:2      | Reached XP level 4. HP: 24/24 MP: 2/9
  1144 | D:2      | Learned a level 4 spell: Sticky Flame
  1507 | D:3      | Noticed Jessica
  1508 | D:3      | Killed Jessica
  1543 | D:3      | Found a radiant altar of Vehumet.
  1561 | D:3      | Became a worshipper of Vehumet
  1648 | D:3      | Found an iron altar of Okawaru.
  1666 | D:3      | Reached skill level 3 in Spellcasting
  2097 | D:3      | Noticed Ijyb
  2116 | D:3      | Killed Ijyb
  2116 | D:3      | Gained mutation: You can fly. [Tengu growth]
  2116 | D:3      | Reached XP level 5. HP: 28/28 MP: 4/10
  2149 | D:3      | Found a blossoming altar of Fedhas.
  2902 | D:4      | Noticed Dowan
  2903 | D:4      | Noticed Duvessa
  2914 | D:4      | Your ally died
  2915 | D:4      | Killed Duvessa
  2915 | D:4      | Reached skill level 4 in Conjurations
  2915 | D:4      | Reached skill level 5 in Fire Magic
  2915 | D:4      | Reached XP level 6. HP: 32/32 MP: 3/12
  2926 | D:4      | Noticed Robin
  3101 | D:4      | Reached * piety under Vehumet
  3101 | D:4      | Offered knowledge of Shock by Vehumet.
  3112 | D:4      | Killed Robin
  3386 | D:4      | Noticed Blork the orc
  3409 | D:4      | Killed Blork the orc
  3658 | D:4      | Found Zattium's Weapon Shop.
  3730 | D:4      | Found Orhawn's Jewellery Boutique.
  4103 | D:5      | Entered Level 5 of the Dungeon
  4111 | D:5      | Found a shattered altar of Ashenzari.
  4160 | D:5      | Reached skill level 6 in Fire Magic
  4194 | D:5      | Noticed an ice beast
  4200 | D:5      | Killed an ice beast
  4200 | D:5      | Reached skill level 4 in Spellcasting
  4200 | D:5      | Reached skill level 5 in Conjurations
  4200 | D:5      | Reached XP level 7. HP: 35/36 MP: 5/14
  4412 | D:5      | Found a sacrificial altar of Ru.
  4412 | D:5      | Found an opulent altar of Gozag.
  4416 | D:5      | Found an iron altar of Okawaru.
  4634 | D:5      | Learned a level 5 spell: Fireball
  4990 | D:5      | Reached skill level 7 in Fire Magic
  5157 | D:5      | Reached XP level 8. HP: 39/41 MP: 11/15
  5188 | D:5      | Reached skill level 6 in Conjurations
  5195 | D:5      | Learned a level 3 spell: Inner Flame
  5285 | D:5      | Found a staircase to the Ecumenical Temple.
  5515 | D:6      | Offered knowledge of Freeze by Vehumet.
  5700 | D:6      | Reached skill level 8 in Fire Magic
  5709 | D:6      | Reached ** piety under Vehumet
  5839 | D:6      | Reached skill level 5 in Spellcasting
  5893 | D:6      | Found Xedorous's Antique Armour Shop.
  5906 | D:6      | Bought a glowing robe for 85 gold pieces
  6034 | D:6      | Found a sparkling altar of Nemelex Xobeh.
  6190 | D:7      | Found a flagged portal.
  6220 | D:7      | Got a faintly glowing spear
  6234 | Bailey   | Entered a bailey
  6385 | Bailey   | Reached skill level 7 in Conjurations
  6599 | Bailey   | Shot with a bolt by an orc warrior

Vault maps used:
D:1:      lemuel_arrival_lava_pool
D:2:      minmay_misc_feat_encased
D:3:      wad_woods_stonehenge, fedhas_altar_2, fiery_altar_vehumet,
          first_ration, minmay_misc_feat_plants, uniq_jessica, uniq_ijyb
D:4:      serial_shops, shop_coins, shop, uniq_robin, uniq_duvessa,
          uniq_blork_the_orc
D:5:      ashenzari_altar_1, minitemple, temple_hall
D:6:      nicolae_overflow_hidden_temple, serial_shops, shop_fountains
D:7:      basic_altar, serial_corexii_hall, corexii_hall_statues_deadend,
          corexii_hall_statues_l, enter_bailey_2, uniq_menkaure, uniq_harold
Bailey:   bailey_polearm_2, bailey

Skill      XL: |  1  2  3  4  5  6  7  8 |
---------------+-------------------------+-----
Conjurations   | 2 3 4 5 7 |  7.2
Fire Magic     | 4 5 6 7 8 |  8.9
Spellcasting   | 3 4 5 |  5.3
Dodging        | |  2.1
Stealth        | |  2.0

Action                   |  1- 3 |  4- 6 |  7- 9 || total
-------------------------+-------+-------+-------++-------
Melee: Quarterstaff      |       |    12 |    53 ||    65
       Kick              |       |     6 |    10 ||    16
       Unarmed           |       |     1 |       ||     1
       Peck              |       |     1 |     5 ||     6
 Cast: Flame Tongue      |    45 |    71 |    78 ||   194
       Sticky Flame      |       |     2 |    14 ||    16
       Conjure Flame     |       |     2 |     2 ||     4
 Abil: Fly               |       |     1 |     1 ||     2
Evoke: Wand              |       |     6 |       ||     6
  Use: Potion            |       |     2 |     1 ||     3
       Scroll            |       |     1 |     9 ||    10
  Eat: Chunk             |     1 |    10 |    21 ||    32
       Ration            |       |       |     1 ||     1
Armor: Robe              |     2 |     1 |    16 ||    19
       Skin              |       |     1 |       ||     1
Dodge: Dodged            |    14 |    32 |    73 ||   119

Table legend:
 A = Spawn XP
 B = Non-spawn XP
 C = Spawn XP percentage of total XP
 D = Spawn monster count
 E = Non-spawn monster count
 F = Spawn count percentage of total count
 G = Total turns spent on level
                    A         B        C        D         E        F      G
               +---------+---------+-------+---------+---------+-------+---------
         Total |       0 |    2225 |   0.0 |       0 |     123 |   0.0 |  6599
               +---------+---------+-------+---------+---------+-------+---------
           D:1 |       0 |      23 |   0.0 |       0 |      14 |   0.0 |   865
           D:2 |       0 |      84 |   0.0 |       0 |      19 |   0.0 |   741
           D:3 |       0 |     137 |   0.0 |       0 |      29 |   0.0 |  1292
           D:4 |       0 |     296 |   0.0 |       0 |      12 |   0.0 |  1438
           D:5 |       0 |     787 |   0.0 |       0 |      24 |   0.0 |   992
           D:6 |       0 |     581 |   0.0 |       0 |      19 |   0.0 |   862
           D:7 |       0 |      63 |   0.0 |       0 |       2 |   0.0 |    44
        Bailey |       0 |     254 |   0.0 |       0 |       4 |   0.0 |   365
               +---------+---------+-------+---------+---------+-------+---------
